 Dungeon Crawl Stone Soup version 0.20.1-1-g8b1a95d (webtiles) character file.

286 Internecine the Skirmisher (level 6, 0/67 HPs)
             Began as a Troll Wanderer on Sept 30, 2017.
             Succumbed to an orc priest's poison
             ... on level 4 of the Dungeon.
             The game lasted 00:20:27 (3146 turns).

Internecine the Skirmisher (Troll Wanderer)         Turns: 3146, Time: 00:20:27

Health: 0/67       AC:  7    Str: 20    XL:     6   Next: 8%
Magic:  6/6        EV: 10    Int:  7    God:
Gold:   108        SH:  0    Dex: 13    Spells: 5/5 levels left

rFire    . . .     SeeInvis +   a - +2 short sword
rCold    . . .     Gourm    +   (no shield)
rNeg     . . .     Faith    .   d - +0 robe
rPois    .         Spirit   .   u - +2 hat
rElec    .         Reflect  .   (no cloak)
rCorr    .         Harm     .   (gloves unavailable)
MR       .....                  (boots unavailable)
Stlth    ++........             (no amulet)
Regen    0.7/turn               e - ring of see invisible
MPRegen  0.1/turn               v - ring of stealth

@: lethally poisoned (0 -> -12)
A: unfitting armour, claws 3, fast metabolism 3, gourmand, regeneration 1,
shaggy fur 1, tough skin 2
a: no special abilities


You were on level 4 of the Dungeon.
You were full.

You visited 1 branch of the dungeon, and saw 4 of its levels.

You collected 108 gold pieces.

Inventory:

Hand Weapons
 a - a +2 short sword (weapon)
 b - a +0 quarterstaff
 g - a +0 hunting sling
 l - a +0 blowgun
 r - a +0 spear
Missiles
 i - 80 stones (quivered)
 k - 31 poisoned needles
 A - 27 sling bullets
Armour
 d - a +0 robe (worn)
 u - a +2 hat (worn)
Jewellery
 e - a ring of see invisible (left claw)
 v - a ring of stealth (right claw)
 y - an uncursed ring of see invisible
Wands
 w - a wand of polymorph (16/24)
Scrolls
 m - 3 scrolls of immolation {unknown}
 n - 2 scrolls of fog {unknown}
 o - a scroll of identify {unknown}
 p - a scroll of magic mapping {unknown}
 t - a scroll of teleportation {unknown}
 x - a scroll of fear {unknown}
Potions
 c - 5 potions of curing
 h - a potion of agility {unknown}
 j - a potion of mutation {unknown}
 q - a potion of magic {unknown}
 z - a potion of haste {unknown}
 B - a potion of invisibility {unknown}
Comestibles
 f - 3 bread rations
 s - 2 meat rations


   Skills:
 + Level 5.7 Fighting
 + Level 3.2 Short Blades
   Level 1.0 Axes
 + Level 1.0 Slings
 + Level 1.4 Dodging
 + Level 0.5 Stealth
 + Level 1.3 Evocations


You had 5 spell levels left.
You didn't know any spells.

Dungeon Overview and Level Annotations

Branches:
Dungeon (4/15)
 Temple: D:4-7

Altars:
Fedhas


Innate Abilities, Weirdness & Mutations

You are too large for most types of armour.
You have claws for hands.
Your metabolism is lightning-fast.
You like to eat raw meat.
Your natural rate of healing is unusually fast.
You are covered in fur. (AC +1)
You have very tough skin. (AC +2)


Message History

You feel sick. The hound bites you.
* * * LOW HITPOINT WARNING * * *
The quokka bites you but does no damage.
The orc priest closely misses you. The hound barely misses you.
The quokka bites you but does no damage.
You hit the hound.
The hound is severely wounded.
* * * LOW HITPOINT WARNING * * *
You feel sick. The hound closely misses you.
The orc priest hits you but does no damage.
You are more poisoned.
The quokka barely misses you.
You puncture the hound!
You kill the hound!
Your Slings skill increases to level 1!
You have reached level 6!
Your experience leads to an increase in your attributes!
Increase (S)trength, (I)ntelligence, or (D)exterity?
You feel clever.
You feel stronger.
You die...

#.....# ###..... #.....#
######.......
#.....######............
#............####.#.....
#.......................
####..........#.....#รท.#
.########........#.##....#..#
........)..r.....+.......#...
.......)....@....#.#.....#...
#.......)#.o..##.......#.#...
#........#....##.#.###.#.##.#
#........#....## #.....#....#
#........###### # #....#####
.........# +......# #
.........# #....#.# #
....###### ######.### #....


You could see an orc priest and a quokka.

Vanquished Creatures
  The ghost of Timinator the Cutter, an amateur SpEn (D:3)
  A howler monkey (D:4)
  A hound (D:4)
  A worker ant (D:4)
  4 adders
  An ooze (D:2)
  An adder zombie (D:4)
  An adder skeleton (D:4)
  A worm (D:2)
  2 dart slugs (D:2)
  A leopard gecko (D:3)
  10 orcs
  A ball python (D:2)
  3 bats
  2 giant cockroaches
  5 goblins
  5 hobgoblins
  6 jackals
  10 kobolds
  3 quokkas
  5 frilled lizards
  7 rats
72 creatures vanquished.

Notes
Turn   | Place    | Note
-------+----------+-------------------------------------------
     0 | D:1      | Internecine the Troll Wanderer began the quest for the Orb.
     0 | D:1      | Internecine set off with: a +2 short sword, a +0 quarterstaff, a potion of curing, a +0 robe, 2 bread rations
     0 | D:1      | Reached XP level 1. HP: 26/26 MP: 1/1
    40 | D:1      | Reached skill level 5 in Fighting
   312 | D:1      | Reached XP level 2. HP: 35/35 MP: 2/2
   782 | D:2      | Reached XP level 3. HP: 40/42 MP: 3/3
  1606 | D:2      | Reached XP level 4. HP: 37/50 MP: 4/4
  1670 | D:2      | Found a blossoming altar of Fedhas.
  1773 | D:3      | Noticed Timinator's ghost (amateur SpEn)
  1797 | D:3      | Killed Timinator's ghost
  1797 | D:3      | Reached skill level 1 in Dodging
  1987 | D:3      | Reached XP level 5. HP: 49/58 MP: 5/5
  3144 | D:4      | HP: 1/59 [hound (2)]
  3146 | D:4      | Reached skill level 1 in Slings
  3146 | D:4      | Reached XP level 6. HP: 1/67 MP: 6/6
  3146 | D:4      | Succumbed to an orc priest's poison

Skill      XL: |  1  2  3  4  5 |
---------------+----------------+-----
Fighting       | 5 |  5.7
Short Blades   | 2 3 |  3.2
Dodging        | 1 |  1.4
Slings         | 1 |  1.0
Axes           | |  1.0
Stealth        | |  0.5
Evocations     | |  1.3

Action                   |  1- 3 |  4- 6 || total
-------------------------+-------+-------++-------
Melee: Short sword       |   109 |   128 ||   237
 Fire: Hunting sling     |       |    37 ||    37
 Stab: Sleeping          |     2 |     1 ||     3
  Eat: Chunk             |    18 |    13 ||    31
Armor: Robe              |    31 |    84 ||   115
Dodge: Dodged            |    56 |   112 ||   168
